 Dungeon Crawl Stone Soup version 0.19-a0-1682-g5114f93 (webtiles) character file.

809 HungrySpirit the Sneak (level 7, 0/45 HPs)
             Began as an Octopode Assassin on Sept 24, 2016.
             Was a Follower of Okawaru.
             Succumbed to an orc's poison
             ... on level 4 of the Dungeon.
             The game lasted 00:06:49 (4282 turns).

HungrySpirit the Sneak (Octopode Assassin)          Turns: 4282, Time: 00:06:49

Health: 0/45       AC:  2    Str: 11    XL:     7   Next: 92%
Magic:  7/7        EV: 16    Int: 13    God:    Okawaru [*.....]
Gold:   197        SH:  0    Dex: 15    Spells: 0 memorised, 6 levels left

rFire  . . .     SeeInvis .     a - +2 dagger
rCold  . . .     Gourm    .     (no shield)
rNeg   . . .     Faith    .     (helmet restricted)
rPois  .         Spirit   .     (no amulet)
rElec  .         Dismiss  .     (no ring)
rCorr  .         Reflect  .     (no ring)
MR     .....     Harm     .     (no ring)
Stlth  +++++.....               (no ring)
                                (no ring)
                                (no ring)
                                (no ring)
                                (no ring)

@: lethally poisoned (0 -> -50)
A: almost no armour, stealthy swim, amphibious, 8 rings, constrict 8, camouflage
1, gelatinous body 1
a: Heroism, Renounce Religion


You were on level 4 of the Dungeon.
You worshipped Okawaru.
Okawaru was aware of your devotion.
You were hungry.

You visited 1 branch of the dungeon, and saw 5 of its levels.

You collected 197 gold pieces.

Inventory:

Hand Weapons
 a - a +2 dagger (weapon)
 b - a +0 blowgun
Missiles
 c - 20 poisoned needles
 d - 2 curare-tipped needles
Jewellery
 e - a +1 ring of evasion {unknown}
Scrolls
 g - 3 scrolls of remove curse
 k - a scroll of noise {unknown}
 r - 3 scrolls of magic mapping {unknown}
 s - a scroll of amnesia {unknown}
 t - a scroll of enchant armour {unknown}
 w - a scroll of teleportation {unknown}
 x - a scroll of fog {unknown}
Potions
 j - 2 potions of heal wounds {unknown}
 l - 2 potions of cancellation {unknown}
 m - a potion of invisibility {unknown}
 o - a potion of haste {unknown}
 p - 2 potions of curing {unknown}
 q - a potion of lignification {unknown}
 u - 2 potions of might {unknown}
 v - a potion of degeneration {unknown}
 z - a potion of cure mutation {unknown}
Comestibles
 f - 3 bread rations
 h - 2 meat rations
 n - a beef jerky


   Skills:
 - Level 2.0 Fighting
 * Level 6.0 Short Blades
 - Level 2.0 Throwing
 * Level 5.4 Dodging
 + Level 7.2 Stealth


You had 6 spell levels left.
You didn't know any spells.

Dungeon Overview and Level Annotations

Branches:
Dungeon (5/15)
 Temple: D:4-7

Altars:
Okawaru


Innate Abilities, Weirdness & Mutations

You cannot wear most types of armour.
You are very stealthy in the water.
You are amphibious.
You can wear up to eight rings at the same time.
You can use your tentacles to constrict eight enemies at once.
Your skin changes colour to match your surroundings (Stealth+).
Your rubbery body absorbs attacks. (AC +1, EV +1)


Message History

You hit the worker ant.
The worker ant is severely wounded.
You constrict the worker ant, but do no damage.
You feel sick. The worker ant bites you.
You are more poisoned.
The worker ant poisons you! The orc closely misses you.
The orc hits you from afar with a trident of venom!
You are more poisoned.
You release your grip on the worker ant.
* * * LOW HITPOINT WARNING * * *
You feel very sick. The worker ant completely misses you.
The orc barely misses you. The orc hits you but does no damage.
You are more poisoned.
You climb upwards.
* * * LOW HITPOINT WARNING * * *
You feel very sick.
There is a stone staircase leading down here.
Unknown command.
You die...

#.#
#.<##................
#.#
#...#################
#.## #.#.# #..# #.#.#
##.######.#.#
#.##.....#.#
#.##.#####o# #.##.#
##>#############
#.##.#
#a#@...........#
#.##.#
##.###########.#
#.##.# ### #.# #.##.#
#############.#
#.##.#
#.............#####
#.##.#
#.############.....
#.##.# #.# #.####
#.##.# #.# #.# #.##.#
#.# #.#


You could see an orc.

Vanquished Creatures
  Menkaure (D:4)
  A centaur (D:3)
  4 hounds
  Natasha (thrice) (D:2)
  5 orc wizards
  2 worker ants
  7 gnolls
  5 adders
  An ooze (D:2)
  An adder skeleton (D:4)
  3 worms
  3 dart slugs
  2 leopard geckos (D:4)
  12 orcs
  3 ball pythons
  9 bats
  A giant cockroach (D:2)
  10 goblins
  5 hobgoblins
  11 jackals
  5 kobolds (D:1)
  2 quokkas (D:2)
  6 frilled lizards
  11 rats
113 creatures vanquished.

Notes
Turn   | Place    | Note
-------+----------+-------------------------------------------
     0 | D:1      | HungrySpirit the Octopode Assassin began the quest for the Orb.
     0 | D:1      | Reached XP level 1. HP: 14/14 MP: 1/1
    54 | D:1      | Reached XP level 2. HP: 16/19 MP: 2/2
   316 | D:1      | Reached XP level 3. HP: 13/24 MP: 3/3
   740 | D:2      | Noticed Natasha
   742 | D:2      | Killed Natasha
   742 | D:2      | Reached XP level 4. HP: 29/29 MP: 4/4
  1017 | D:2      | Noticed Natasha
  1026 | D:2      | Killed Natasha
  1221 | D:2      | Noticed Natasha
  1223 | D:2      | Reached XP level 5. HP: 33/34 MP: 5/5
  1245 | D:2      | Killed Natasha
  1607 | D:3      | Noticed a centaur
  1616 | D:3      | Killed a centaur
  1616 | D:3      | Reached skill level 6 in Stealth
  1616 | D:3      | Reached XP level 6. HP: 37/39 MP: 6/6
  2570 | D:4      | Found an iron altar of Okawaru.
  2615 | D:4      | Reached skill level 5 in Short Blades
  2639 | D:4      | Became a worshipper of Warmaster Okawaru
  2840 | D:4      | Reached XP level 7. HP: 42/45 MP: 7/7
  3141 | D:4      | Noticed Menkaure
  3160 | D:4      | Killed Menkaure
  3241 | D:4      | Reached * piety under Okawaru
  3264 | D:3      | Reached skill level 5 in Dodging
  3264 | D:3      | Reached skill level 7 in Stealth
  4252 | D:5      | Entered Level 5 of the Dungeon
  4282 | D:4      | Succumbed to an orc's poison

Vault maps used:
D:1:      dpeg_arrival_stone_temple_mockup
D:2:      uniq_natasha
D:4:      kennysheep_okawaru_gauntlet, uniq_menkaure
D:5:      old_standard_altar, gammafunk_temple_overflow_claw, first_bread

Skill      XL: |  1  2  3  4  5  6  7 |
---------------+----------------------+-----
Short Blades   | 3 4 5 6 |  6.0
Dodging        | 2 3 4 5 |  5.4
Stealth        | 6 7 |  7.2
Fighting       | |  2.0
Throwing       | |  2.0

Action                   |  1- 3 |  4- 6 |  7- 9 || total
-------------------------+-------+-------+-------++-------
Melee: Dagger            |    61 |   133 |    99 ||   293
       Constrict         |    12 |    25 |    26 ||    63
       Tentacles         |     8 |    28 |    19 ||    55
  Use: Scroll            |       |       |     2 ||     2
 Stab: Sleeping          |     8 |    18 |       ||    26
       Distracted        |       |     1 |     1 ||     2
  Eat: Chunk             |       |     6 |     4 ||    10
Armor: Skin              |     7 |     7 |     8 ||    22
Dodge: Dodged            |    38 |    66 |    85 ||   189
